 Dungeon Crawl Stone Soup version 0.30.1-11-g7821555f0a (webtiles) character file.

Game seed: 3530787414183930779

469 ChrisAssaf the Caller (level 7, -3/72 HPs)
             Began as a Human Summoner on Nov 27, 2023.
             Was an Initiate of Gozag.
             Slain by a bullfrog (6 damage)
             ... in a sewer.
             The game lasted 00:11:28 (1499 turns).

ChrisAssaf the Caller (Human Summoner)              Turns: 1499, Time: 00:11:31

Health: -3/72      AC:  4    Str:  9    XL:     7   Next: 30%
Magic:  2/11       EV: 12    Int: 17    God:    Gozag
Gold:   538        SH:  0    Dex: 13    Spells: 4/12 levels left

rFire   . . .        d - +4 sling (drain)
rCold   . . .        (no shield)
rNeg    . . .        a - +0 robe
rPois   .            f - +2 hat
rElec   .            (no cloak)
rCorr   .            (no gloves)
SInv    .            (no boots)
Will    +....        (no amulet) Stlth
                     c - ring of willpower
HPRegen 0.32/turn    (no ring)
MPRegen 0.12/turn

%: no passive effects
@: berserking, gold aura, quick
A: no striking features
a: Renounce Religion, Potion Petition, Call Merchant, Bribe Branch


You were in a sewer.
You worshipped Gozag.
Gozag was pleased with you.
You visited 1 branch of the dungeon, and saw 4 of its levels.
You also visited: Sewer.

You collected 538 gold pieces.

Inventory:

Hand Weapons
 d - a +4 sling of draining (weapon)
Armour
 a - a +0 robe (worn)
 f - a +2 hat (worn)
Jewellery
 c - a ring of willpower (left hand)
Scrolls
 b - a scroll of vulnerability {unknown}
 g - a scroll of enchant weapon {unknown}
 i - a scroll of summoning {unknown}
 k - a scroll of teleportation {unknown}
 n - a scroll of magic mapping
Potions
 h - 2 potions of flight
 j - a potion of attraction
 l - a potion of lignification
 m - a potion of curing {unknown}
 o - a potion of mutation {unknown}
 p - a potion of haste {unknown}


   Skills:
 * Level 1.6 Fighting
 * Level 3.5 Ranged Weapons
 * Level 1.6 Armour
 * Level 2.7 Dodging
 * Level 2.9 Stealth
 * Level 3.1 Spellcasting
 * Level 4.8 Summonings
 * Level 1.9 Fire Magic


You had 4 spell levels left.
You knew the following spells:

 Your Spells              Type           Power      Damage    Failure   Level
a - Summon Small Mammal   Summ           76%        N/A       2%          1
b - Call Imp              Summ           38%        N/A       3%          2
c - Scorch                Fire           18%        2d5       12%         2
d - Call Canine Familiar  Summ           19%        N/A       7%          3

Your spell library contained the following spells:

 Spells                   Type           Power      Damage    Failure   Level
 Magic Dart               Conj           8%         1d3       17%         1
 Summon Guardian Golem    Hex/Summ       10%        N/A       19%         3
 Mephitic Cloud           Conj/Pois/Air  2%         N/A       45%         3
 Summon Lightning Spire   Summ/Air       10%        N/A       54%         4
 Flame Wave               Conj/Fire      5%         2d5       75%         4
 Summon Cactus Giant      Summ           9%         N/A       98%         6


Dungeon Overview and Level Annotations

Branches:
Dungeon (4/15)             Temple (0/1) D:4           Sewer (1/1)

Altars:
Fedhas
Gozag
Nemelex Xobeh
Qazlal
Wu Jian

Shops:
D:3 =


Message History

Press: ? - help, Q - select action, (/) - cycle Shift-Dir - straight line, f/p - bullfrog
Aim: a bullfrog (heavily wounded, 53% to hit)
You shoot a sling bullet.
The sling bullet completely misses the bullfrog.
The bullfrog is no longer more vulnerable to fire.
The bullfrog hits you but does no damage.
The bullfrog barely misses you. The bullfrog hits you. x2
Fire: d) +4 sling (drain)
Press: ? - help, Q - select action, (/) - cycle Shift-Dir - straight line, f/p - bullfrog
Aim: a bullfrog (heavily wounded, 53% to hit)
You shoot a sling bullet.
The sling bullet barely misses the bullfrog.
The bullfrog barely misses you. The bullfrog hits you. x2
The bullfrog closely misses you.
It was a potion of berserk rage.
A red film seems to cover your vision as you go berserk!
You feel yourself moving faster!
You feel mighty! The bullfrog barely misses you. x2
Really attack while wielding your +4 sling of draining? [Y]es or [N]o only, please.
Really attack while wielding your +4 sling of draining?
You barely miss the bullfrog.
The bullfrog is severely wounded.
The bullfrog barely misses you. The bullfrog hits you!
* * * LOW HITPOINT WARNING * * *
The frilled lizard bites you but does no damage.
The bullfrog hits you but does no damage.
The bullfrog closely misses you.
Your unstable footing causes you to fumble your attack.
The frilled lizard barely misses you. The bullfrog hits you.
* * * LOW HITPOINT WARNING * * *
The bullfrog hits you.
* * * LOW HITPOINT WARNING * * *
You hit the bullfrog!
You kill the bullfrog!
The bullfrog hits you.
* * * LOW HITPOINT WARNING * * *
The frilled lizard closely misses you. The bullfrog hits you.
You die...
Your body crumbles into a pile of gold.

#####################
...~~≈≈~~$$~~≈≈≈~~..###
l.~~≈~$#~..~≈F$~≈~....##
...~~~~$≈~~≈~l@~~~~....#
..~≈~~~~~≈≈~~~~~~~~....#
F..~~~~~≈≈≈≈≈~~~~~~....##
..#~~≈≈≈≈≈≈≈≈≈≈≈≈~#.....#
# ##################....#
####...## #..#....#
#..'....# #####...#


You could see a bullfrog and a frilled lizard.

Vanquished Creatures
  Grinder (D:3)
  A centaur (D:4)
  A bullfrog (Sewer)
  8 adders
  5 river rats (Sewer)
  A dart slug (D:3)
  2 bats
  6 endoplasms
  2 goblins
  2 hobgoblins
  2 kobolds
  A quokka (D:1)
  9 ball pythons
  4 frilled lizards (Sewer)
  25 rats
70 creatures vanquished.

Vanquished Creatures (collateral kills)
  An adder (D:2)
  An orc (D:4)
  An endoplasm (D:3)
  2 giant cockroaches (D:1)
  A kobold (D:1)
6 creatures vanquished.

Grand Total: 76 creatures vanquished

Notes
Turn   | Place    | Note
-------+----------+-------------------------------------------
     0 | D:1      | ChrisAssaf the Human Summoner began the quest for the Orb.
     0 | D:1      | Reached XP level 1. HP: 13/13 MP: 3/3
    94 | D:1      | Found a faded altar of an unknown god.
   173 | D:1      | Prayed at the altar of an unknown god.
   173 | D:1      | Became a worshipper of Gozag Ym Sagoz the Greedy
   195 | D:1      | Reached XP level 2. HP: 19/19 MP: 5/5
   252 | D:1      | Learned a level 2 spell: Call Imp
   255 | D:1      | Learned a level 2 spell: Scorch
   482 | D:2      | Reached XP level 3. HP: 21/25 MP: 1/6
   669 | D:3      | Found Unodyo's Jewellery Shoppe.
   670 | D:3      | Found an ornate altar of the Wu Jian Council.
   725 | D:3      | Noticed an air elemental
   729 | D:3      | Found a stormy altar of Qazlal.
   731 | D:3      | Noticed an earth elemental
   732 | D:3      | Noticed a water elemental
   732 | D:3      | Noticed a fire elemental
   823 | D:3      | Found a blossoming altar of Fedhas.
   826 | D:3      | Noticed Grinder
   850 | D:3      | Killed Grinder
   851 | D:3      | Reached skill level 1 in Fighting
   851 | D:3      | Reached skill level 1 in Armour
   851 | D:3      | Reached skill level 1 in Fire Magic
   851 | D:3      | Reached XP level 4. HP: 31/32 MP: 1/8
   851 | D:3      | Reached XP level 5. HP: 36/37 MP: 1/9
   851 | D:3      | Reached XP level 6. HP: 42/43 MP: 1/10
   896 | D:3      | Learned a level 3 spell: Call Canine Familiar
   899 | D:4      | Found a sparkling altar of Nemelex Xobeh.
  1070 | D:4      | Found a glowing drain.
  1079 | Sewer    | Entered a sewer
  1160 | Sewer    | Reached XP level 7. HP: 45/48 MP: 1/11
  1499 | Sewer    | HP: 3/72 [bullfrog (4)]
  1499 | Sewer    | Slain by a bullfrog

Illustrated notes

Levels and vault maps discovered:
D:1:      wander_arrival_abandoned_jail, layout_rooms,
          dreamdust_ecumenical_altar_statues
D:2:      layout_basic, minmay_strange_pillars
D:3:      layout_basic, nicolae_qazlal_style_of_elements,
          nzn_wu_jian_council_hall, mainiacjoe_overflow_catwalk, serial_shops,
          nicolae_shop_stone, ebering_ghost_sewer_d, minmay_vboxes,
          uniq_grinder, uniq_natasha
D:4:      layout_rooms, nemelex_xobeh_ov_fountains_minmay,
          minmay_temple_entry_tees, portal_sewer_entry_d, uniq_edmund,
          uniq_crazy_yiuf_cottage
Sewer:    sewer_minmay_w

Skill      XL: |  1  2  3  4  5  6 |
---------------+-------------------+-----
Fighting       | 1 |  1.6
Ranged Weapons | 2 3 |  3.5
Armour         | 1 |  1.6
Fire Magic     | 1 |  1.9
Spellcasting   | 3 |  3.1
Dodging        | |  2.7
Stealth        | |  2.9
Summonings     | |  4.8

Action                     |  1- 3 |  4- 6 |  7- 9 || total
---------------------------+-------+-------+-------++-------
  Melee: Sling             |       |       |     3 ||     3
   Fire: Sling             |    32 |    19 |    43 ||    94
   Cast: Summon Small Mamm |     9 |       |       ||     9
         Call Imp          |     3 |     1 |     1 ||     5
         Scorch            |     7 |     9 |    16 ||    32
    Use: Scroll            |     2 |     4 |       ||     6
         Potion            |     2 |     1 |     1 ||     4
 Armour: Robe              |    10 |     5 |     5 ||    20
         Skin              |       |     3 |       ||     3
  Dodge: Dodged            |    19 |    10 |    20 ||    49
